 Dungeon Crawl Stone Soup version 0.30-b1-2-g02819fbbbe (webtiles) character file.

Game seed: 10470708202508893980

143 Ramwell the Chopper (level 5, -4/70 HPs)
             Began as a Hill Orc Berserker on July 31, 2023.
             Was a Believer of Trog.
             Succumbed to a gnoll sergeant's poison
             ... on level 4 of the Dungeon.
             The game lasted 00:23:53 (2960 turns).

Ramwell the Chopper (Hill Orc Berserker)            Turns: 2960, Time: 00:23:54

Health: -4/70      AC: 10    Str: 22    XL:     5   Next: 25%
Magic:  5/5        EV:  8    Int:  7    God:    Trog [**....]
Gold:   140        SH:  0    Dex: 10    Spells: 4/4 levels left

rFire   . . .        a - +0 hand axe
rCold   . . .        (no shield)
rNeg    . . .        X - +0 chain mail
rPois   .            (no helmet)
rElec   .            (no cloak)
rCorr   .            p - +0 pair of gloves
SInv    .            (no boots)
Will    .....        (no amulet) Stlth
                     (no ring)
HPRegen 0.31/turn    (no ring)
MPRegen 0.09/turn

%: no passive effects
@: berserking, lethally poisoned (-4 -> -48), very quick
A: no striking features
a: Renounce Religion, Berserk, Trog's Hand


You were on level 4 of the Dungeon.
You worshipped Trog.
Trog was pleased with you.
You visited 1 branch of the dungeon, and saw 4 of its levels.

You collected 140 gold pieces.

Inventory:

Hand Weapons
 a - a +0 hand axe (weapon)
 f - a +0 dagger
 i - a +0 club
 l - a +0 club
 t - a +0 short sword
 u - a +0 dagger
 v - a +0 whip
 w - a +0 hand axe
 y - a +0 club
 z - a +3 dagger
 B - a +0 short sword
 E - a +0 club
 F - a +0 dagger
 G - a +0 spear
 H - a +0 club
 I - a +0 flail
 J - a +0 club
 K - a +0 dagger
 M - a +0 short sword
 O - a +0 dagger
 T - a +0 hand axe
 U - a +0 whip
 V - a +0 dagger
 Y - a +0 dagger
Missiles
 h - 36 stones (quivered)
 q - a throwing net
 L - a large rock
 P - 4 curare-tipped darts
 Z - 8 poisoned darts
Armour
 b - a +0 animal skin
 c - a +1 ring mail
 d - a +0 robe
 e - a +0 leather armour
 m - an orb of wrath
 p - a +0 pair of gloves (worn)
 x - a +0 ring mail
 A - a +0 ring mail
 N - a +0 leather armour
 S - a +0 leather armour
 W - a +0 robe
 X - a +0 chain mail (worn)
Jewellery
 k - a ring of wizardry
Scrolls
 C - a scroll of acquirement {unknown}
 D - 4 scrolls of identify {unknown}
 Q - 2 scrolls of immolation {unknown}
Potions
 g - 3 potions of flight
 j - a potion of invisibility {unknown}
 n - a potion of resistance {unknown}
 o - 3 potions of might
 r - a potion of magic {unknown}
 R - a potion of brilliance {unknown}


   Skills:
 + Level 4.8 Fighting
 + Level 6.0 Axes
 + Level 2.8 Armour
 + Level 2.0 Dodging


You had 4 spell levels left.
You didn't know any spells.
Your spell library contained the following spells:

 Spells                   Type           Power      Damage    Failure   Level
 Kiss of Death            Conj/Necr      0%         2d5       97%         1
 Sting                    Tmut/Pois      0%         1d3       97%         1
 Poisonous Vapours        Pois/Air       0%         N/A       99%         2
 Confusing Touch          Hex            0%         N/A       100%        3
 Dispel Undead            Necr           0%         3d6       100%        4
 Olgreb's Toxic Radiance  Pois           0%         N/A       100%        4


Dungeon Overview and Level Annotations

Branches:
Dungeon (4/15)
 Temple: D:4-7

Altars:
Elyvilon


Message History

The gnoll hits you but does no damage.
The gnoll sergeant hits you from afar with a +5 trident of venom.
You are poisoned.
Things that are here:
a +0 mace; a gnoll corpse You hit the gnoll.
The gnoll is moderately wounded.
You slash the gnoll!
You feel very sick. The gnoll closely misses you.
The gnoll sergeant hits you from afar with a +5 trident of venom!
You are more poisoned.
You slash the gnoll!
You kill the gnoll!
Trog accepts your kill.
You closely miss the goblin. You slash the gnoll!
You kill the gnoll!
Trog accepts your kill.
You feel very sick.
Your Axes skill increases to level 6!
You slash the goblin!
You kill the goblin!
Trog accepts your kill.
You feel very sick.
The gnoll sergeant hits you from afar with a +5 trident of venom!
You are lethally poisoned!
* * * LOW HITPOINT WARNING * * *
You feel extremely sick.
The gnoll sergeant hits you with a +5 trident of venom!
* * * LOW HITPOINT WARNING * * *
You are more poisoned.
Things that are here:
a +0 club; a throwing net; 4 gold pieces You barely miss the gnoll sergeant.
* * * LOW HITPOINT WARNING * * *
You feel extremely sick. The gnoll sergeant closely misses you.
You slash the gnoll sergeant!
The gnoll sergeant is moderately wounded.
You die...

#######†#####
#......#
#......#
######......#
#....#......#
#....#......#
#....#......#
#...)#..#####
#..g@).##
#...)###
##.### #. #


You could see a gnoll sergeant.

Vanquished Creatures
  An orc wizard (D:3)
  2 adders (D:2)
  3 gnolls (D:4)
  A worm (D:4)
  2 dart slugs
  10 orcs
  2 ball pythons (D:1)
  5 bats
  2 endoplasms
  A giant cockroach (D:1)
  6 goblins
  6 hobgoblins
  5 kobolds
  3 quokkas (D:1)
  3 frilled lizards
  7 rats
59 creatures vanquished.

Notes
Turn   | Place    | Note
-------+----------+-------------------------------------------
     0 | D:1      | Ramwell the Hill Orc Berserker began the quest for the Orb.
     0 | D:1      | Reached XP level 1. HP: 19/19 MP: 1/1
   147 | D:1      | Reached XP level 2. HP: 26/27 MP: 2/2
   304 | D:1      | Found a faded altar of an unknown god.
  1115 | D:2      | Reached ** piety under Trog
  1127 | D:2      | Reached XP level 3. HP: 33/33 MP: 3/3
  1205 | D:2      | Reached skill level 5 in Axes
  1541 | D:2      | Reached XP level 4. HP: 40/41 MP: 4/4
  1992 | D:3      | Found a white marble altar of Elyvilon.
  2950 | D:4      | Noticed a gnoll sergeant
  2954 | D:4      | Reached XP level 5. HP: 47/47 MP: 5/5
  2957 | D:4      | Reached skill level 6 in Axes
  2960 | D:4      | Succumbed to a gnoll sergeant's poison

Illustrated notes

Levels and vault maps discovered:
D:1:      roderic_octagonal_star, layout_loops_ring,
          chequers_ecumenical_altar_simple
D:2:      layout_basic
D:3:      layout_basic, mainiacjoe_overflow_catwalk, guppyfry_early_orc_mine
D:4:      layout_basic, mainiacjoe_overflow_surrounded_room, temple_pool_b

Skill      XL: |  1  2  3  4  5 |
---------------+----------------+-----
Fighting       | 4 |  4.8
Axes           | 5 6 |  6.0
Dodging        | 2 |  2.0
Armour         | |  2.8

Action                     |  1- 3 |  4- 6 || total
---------------------------+-------+-------++-------
  Melee: Hand axe          |    85 |    71 ||   156
         Punch             |       |     1 ||     1
  Throw: Stone             |       |     2 ||     2
 Invoke: Berserk           |     1 |     1 ||     2
    Use: Scroll            |     2 |       ||     2
         Potion            |     2 |       ||     2
 Armour: Ring mail         |    33 |    16 ||    49
         Chain mail        |       |     5 ||     5
  Dodge: Dodged            |    49 |    36 ||    85
